 Dungeon Crawl Stone Soup version 0.29-a0-925-g0a7a3d12f8 (webtiles) character file.

Game seed: 15436736688115399561

2672 snetch the Protected (level 9, -2/79 HPs)
             Began as a Minotaur Berserker on July 29, 2022.
             Was an Elder of Trog.
             Killed from afar by an electric eel (7 damage)
             ... with a bolt of electricity
             ... on level 7 of the Dungeon.
             The game lasted 00:22:14 (6842 turns).

snetch the Protected (Minotaur Berserker)           Turns: 6842, Time: 00:22:15

Health: -2/79      AC: 11    Str: 29    XL:     9   Next: 37%
Magic:  8/8        EV: 10    Int:  4    God:    Trog [****..]
Gold:   23         SH: 12    Dex: 11    Spells: 8/8 levels left

rFire   . . .      SeeInvis +   a - +4 club
rCold   . . .      Faith    .   H - +0 kite shield
rNeg    + . .      Spirit   .   I - +4 ring mail
rPois   .          Reflect  +   (helmet restricted)
rElec   .          Harm     .   (no cloak)
rCorr   .          Rampage  .   (no gloves)
Will    +....                   (no boots)
Stlth   +.........              A - amulet "Oseis" {Reflect Str+4 SH+5 SInv}
HPRegen 0.23/turn               o - ring of positive energy
MPRegen 0.11/turn               E - ring of willpower

@: on berserk cooldown, slowed, very slow
A: horns 2, retaliatory headbutt
a: Renounce Religion, Berserk, Trog's Hand, Brothers in Arms


You were on level 7 of the Dungeon.
You worshipped Trog.
Trog was greatly pleased with you.
You visited 2 branches of the dungeon, and saw 9 of its levels.

You collected 384 gold pieces.
You spent 361 gold pieces at shops.

Inventory:

Hand Weapons
 a - a +4 club (weapon)
 b - a +0 trident
 c - a +0 war axe
 d - a +0 morningstar
 f - the +3 great mace "Beastslayer" {vorpal, *Corrode Str+4 Int+5}
   (You took it off an ogre on level 4 of the Dungeon)

   It inflicts extra damage upon your enemies.
   Str:       It affects your strength (+4).
   Int:       It affects your intelligence (+5).
   *Corrode:  It may corrode you when you take damage.
Missiles
 g - 60 stones (quivered)
 C - 5 silver javelins
Armour
 H - a +0 kite shield (worn)
 I - a +4 ring mail (worn)
Jewellery
 k - a ring of fire
 o - a ring of positive energy (left hand)
 w - a ring of see invisible
 A - the amulet "Oseis" (around neck) {Reflect Str+4 SH+5 SInv}
   (You found it on level 5 of the Dungeon)

   [amulet of reflection]

   It reflects blocked missile attacks.
   Str:       It affects your strength (+4).
   SInv:      It lets you see invisible.
   SH:        It affects your SH (+5).
 E - a ring of willpower (right hand)
Wands
 p - a wand of digging (8)
Scrolls
 e - 2 scrolls of acquirement {unknown}
 h - 9 scrolls of identify {unknown}
 m - a scroll of fear {unknown}
 n - 2 scrolls of torment {unknown}
 q - 5 scrolls of immolation {unknown}
 s - a scroll of enchant weapon {unknown}
 v - 4 scrolls of teleportation
 x - 2 scrolls of summoning {unknown}
 y - 2 scrolls of amnesia {unknown}
 F - a scroll of enchant armour {unknown}
 G - a scroll of magic mapping {unknown}
Potions
 i - 4 potions of might {unknown}
 j - a potion of ambrosia
 l - 3 potions of mutation {unknown}
 r - 2 potions of lignification {unknown}
 t - 3 potions of flight
 u - a potion of magic {unknown}
 z - 6 potions of heal wounds {unknown}
 B - a potion of cancellation {unknown}
 D - 3 potions of brilliance {unknown}
 J - 2 potions of curing


   Skills:
 + Level 7.6 Fighting
 + Level 6.0(7.4) Axes
 + Level 6.4(7.6) Maces & Flails
 + Level 3.1 Throwing
 + Level 9.0 Armour
 + Level 4.4 Dodging
 + Level 1.5 Stealth
 + Level 2.3 Shields


You had 8 spell levels left.
You didn't know any spells.
Your spell library contained the following spells:

 Spells                   Type           Power      Damage    Failure   Level
 Slow                     Hex            0%         N/A       94%         1
 Sting                    Tmut/Pois      0%         1d3       94%         1
 Poisonous Vapours        Pois/Air       0%         N/A       98%         2
 Confusing Touch          Hex            0%         N/A       100%        3
 Gell's Gravitas          Tloc           0%         N/A       100%        3
 Portal Projectile        Hex/Tloc       0%         N/A       100%        3
 Teleport Other           Tloc           0%         N/A       100%        3
 Tukima's Dance           Hex            0%         N/A       100%        3
 Vampiric Draining        Necr           0%         2d6       100%        3
 Animate Dead             Necr           0%         N/A       100%        4
 Olgreb's Toxic Radiance  Pois           0%         N/A       100%        4
 Summon Lightning Spire   Summ/Air       0%         N/A       100%        4
 Blade Hands              Tmut           0%         N/A       100%        5
 Borgnjor's Vile Clutch   Necr/Erth      0%         N/A       100%        5
 Death Channel            Necr           0%         N/A       100%        6
 Dispersal                Tloc           0%         N/A       100%        6
 Storm Form               Tmut/Air       0%         N/A       100%        7
 Maxwell's Capacitive Co  Air            0%         ∞         100%        8


Dungeon Overview and Level Annotations

Branches:
Dungeon (8/15)             Temple (1/1) D:7
   Lair: D:8-11

Altars:
Cheibriados
Dithmenos
Elyvilon
Fedhas
Gozag
Hepliaklqana
Makhleb
Nemelex Xobeh
Okawaru
Qazlal
Ru
Sif Muna
Trog
Uskayaw
Vehumet
Wu Jian
Zin

Shops:
D:3 *   D:4 ?(*[*


Innate Abilities, Weirdness & Mutations

You have a pair of horns on your head.
You reflexively headbutt those who attack you in melee.


Message History

You thump the electric eel!
You kill the electric eel!
Trog accepts your kill.
You hear a splash.
The electric eel shoots out a bolt of lightning at you!
The bolt of electricity hits you.
Your Armour skill increases to level 9!
You see here an electric eel corpse.
Your unstable footing causes you to fumble your attack.
The electric eel shoots out a bolt of lightning at you!
The bolt of electricity hits you!
You miss the electric eel.
Your unstable footing causes you to fumble your attack.
The electric eel shoots out a bolt of lightning at you!
The bolt of electricity hits you!
You closely miss the electric eel.
Your unstable footing causes you to fumble your attack.
Your unstable footing causes you to fumble your attack.
You closely miss the electric eel.
The electric eel shoots out a bolt of lightning at you!
The bolt of electricity hits you!
* * * LOW HITPOINT WARNING * * *
Your unstable footing causes you to fumble your attack.
Your unstable footing causes you to fumble your attack.
The electric eel shoots out a bolt of lightning at you!
The bolt of electricity hits you.
* * * LOW HITPOINT WARNING * * *
Your unstable footing causes you to fumble your attack.
You hit the electric eel.
The electric eel is moderately wounded.
You are no longer berserk.
You are exhausted.
You feel yourself slow down.
Your unstable footing causes you to fumble your attack.
The electric eel shoots out a bolt of lightning at you!
The bolt of electricity hits you!
* * * LOW HITPOINT WARNING * * *
The electric eel shoots out a bolt of lightning at you!
The bolt of electricity hits you!
You die...

#####♣≈♣≈♣≈≈
...♣≈P≈≈≈≈≈≈≈≈≈≈≈≈≈≈♣≈≈
##≈≈≈≈♣P≈♣≈≈≈≈≈≈≈≈≈≈≈P♣P
#♣♣≈≈≈≈PP≈≈≈≈≈≈≈≈≈≈≈≈≈≈≈
#≈♣≈♣≈≈P≈≈≈≈≈≈≈≈≈≈≈≈≈≈≈≈
#≈≈≈≈PPP≈≈≈≈≈≈≈≈≈≈≈≈≈≈≈≈≈
##♣♣≈≈≈≈≈≈≈≈≈≈≈≈≈≈≈≈≈≈≈≈≈
...≈≈≈≈P♣P≈≈≈≈≈≈S≈≈≈P≈≈≈≈
##..♣♣≈≈≈≈≈≈P≈≈≈@P≈≈≈(≈≈
#..##P≈≈♣P♣≈≈≈♣≈≈P≈≈≈♣≈
#..##.S≈P♣≈≈≈♣♣≈♣♣≈♣♣♣
#.....>##.PP♣≈P♣≈≈♣..
#.####.####.###.#.# ##
#.# #.# #.#.##.# #.# #.#
#.###.# #.# #.# #.#
#.######## ..# #.# #.#
#........#


You could see an electric eel.

Vanquished Creatures
  The ghost of reriks the Trooper, an amateur BaFi (D:4)
  Grinder (D:3)
  A water moccasin (D:8)
  2 orc warriors
  A sky beast (D:6)
  An ice beast (D:7)
  2 black bears
  4 ogres
  A phantom (D:4)
  A centaur (D:5)
  2 bullfrogs
  A gnoll sergeant (D:7)
  3 scorpions
  An electric eel (D:7)
  2 hounds
  2 jellies
  An orc priest (D:6)
  4 iguanas
  2 orc wizards
  Ijyb (D:3)
  Natasha (thrice) (D:3)
  8 gnolls
  11 adders
  A shadow imp (D:5)
  2 white imps
  An ufetubus (D:6)
  2 worms
  4 dart slugs
  21 orcs
  8 bats
  10 endoplasms
  2 giant cockroaches (D:3)
  3 goblins
  7 hobgoblins
  2 jackals (D:4)
  2 quokkas (D:1)
  13 ball pythons
  6 frilled lizards
  8 kobolds
  7 rats
155 creatures vanquished.

Vanquished Creatures (others)
  3 plants (D:7)
3 creatures vanquished.

Grand Total: 158 creatures vanquished

Notes
Turn   | Place    | Note
-------+----------+-------------------------------------------
     0 | D:1      | snetch the Minotaur Berserker began the quest for the Orb.
     0 | D:1      | Reached XP level 1. HP: 19/19 MP: 0/0
   248 | D:1      | Reached XP level 2. HP: 24/27 MP: 1/1
   434 | D:2      | Reached XP level 3. HP: 16/33 MP: 2/2
   767 | D:1      | Reached ** piety under Trog
  1145 | D:3      | Found Ceuhyaho's Assorted Antiques.
  1189 | D:2      | Reached XP level 4. HP: 38/41 MP: 3/3
  1218 | D:2      | Reached skill level 3 in Armour
  1684 | D:3      | Noticed Natasha
  1689 | D:3      | Killed Natasha
  1690 | D:3      | Reached skill level 5 in Axes
  1739 | D:3      | Found a stormy altar of Qazlal.
  1739 | D:3      | Found a hide-covered altar of Uskayaw.
  1749 | D:3      | Noticed Ijyb
  1757 | D:3      | Killed Ijyb
  1758 | D:3      | Reached XP level 5. HP: 28/47 MP: 4/4
  2002 | D:4      | Found Qeomeod's Assorted Antiques.
  2013 | D:4      | Reached skill level 4 in Armour
  2018 | D:4      | Noticed an ogre
  2028 | D:4      | Killed an ogre
  2030 | D:4      | Reached XP level 6. HP: 10/55 MP: 5/5
  2087 | D:3      | Noticed Natasha
  2096 | D:3      | Killed Natasha
  2101 | D:3      | Found a sparkling altar of Nemelex Xobeh.
  2125 | D:3      | Bought a scroll labelled AVULUG EPTEJE for 32 gold pieces
  2125 | D:3      | Bought a lumpy inky potion for 28 gold pieces
  2125 | D:3      | Bought a silvery potion for 28 gold pieces
  2161 | D:3      | Noticed Grinder
  2183 | D:3      | Paralysed by Grinder for 5 turns
  2194 | D:3      | Killed Grinder
  2195 | D:3      | Reached skill level 5 in Fighting
  2195 | D:3      | Reached skill level 5 in Armour
  2260 | D:3      | Found a radiant altar of Vehumet.
  2305 | D:3      | Found a faded altar of an unknown god.
  2317 | D:4      | Found Gaelayle's Armour Boutique.
  2335 | D:4      | Reached *** piety under Trog
  2339 | D:4      | Reached XP level 7. HP: 57/61 MP: 6/6
  2497 | D:3      | Noticed Natasha
  2505 | D:3      | Killed Natasha
  2653 | D:4      | Reached skill level 1 in Throwing
  2672 | D:4      | Found Tuenah's Magic Scroll Shop.
  2687 | D:4      | Found a transporter.
  2702 | D:4      | Identified the +3 great mace "Beastslayer" {vorpal,
                  | *Corrode Str+4 Int+5}
  2702 | D:4      | Noticed reriks's ghost (amateur BaFi)
  2720 | D:4      | Bought a scroll of noise for 12 gold pieces
  2801 | D:4      | Found Reptoapn's Antique Weapon Shop.
  2872 | D:4      | Bought a brown potion for 23 gold pieces
  2895 | D:4      | Found an ornate altar of the Wu Jian Council.
  2898 | D:4      | Found a blossoming altar of Fedhas.
  2900 | D:4      | Found a bloodstained altar of Trog.
  2922 | D:5      | Entered Level 5 of the Dungeon
  2941 | D:4      | Reached skill level 6 in Armour
  3244 | D:4      | Found Xickor's General Store.
  3610 | D:5      | Reached XP level 8. HP: 70/70 MP: 7/7
  3661 | D:5      | Reached skill level 7 in Armour
  3672 | D:5      | Identified the amulet "Oseis" {Reflect Str+4 SH+5 SInv}
  3744 | D:5      | Found a glowing silver altar of Zin.
  4049 | D:5      | Found a hazy altar of Hepliaklqana.
  4066 | D:5      | Reached **** piety under Trog
  4501 | D:6      | Reached skill level 5 in Maces & Flails
  4875 | D:6      | Reached skill level 1 in Stealth
  4984 | D:6      | Reached skill level 1 in Shields
  5378 | D:7      | Reached skill level 8 in Armour
  5454 | D:7      | Found a staircase to the Ecumenical Temple.
  5464 | Temple   | Entered the Ecumenical Temple
  5736 | D:7      | Reached XP level 9. HP: 77/79 MP: 8/8
  6221 | D:4      | Found a transporter.
  6436 | D:4      | Killed reriks's ghost
  6494 | D:4      | Bought a potion of curing for 42 gold pieces
  6494 | D:4      | Bought a scroll of teleportation for 42 gold pieces
  6494 | D:4      | Bought a potion of flight for 42 gold pieces
  6494 | D:4      | Bought a potion of ambrosia for 112 gold pieces
  6830 | D:7      | Reached skill level 9 in Armour
  6842 | D:7      | Killed from afar by an electric eel

Illustrated notes

Levels and vault maps discovered:
D:1:      eino_arrival_druids_welcome, layout_loops_ring
D:2:      layout_loops_cross
D:3:      layout_rooms, nemelex_dance_club_becter, marbit_many_paths,
          mainiacjoe_overflow_large_starburst,
          chequers_ecumenical_altar_simple_redux, serial_shops,
          nicolae_shop_trees, uniq_grinder, uniq_natasha, uniq_ijyb
D:4:      layout_cave_pools, grunt_temple_overflow_open, gammafunk_ghost_smash,
          serial_shops, nicolae_shop_window_shopping, nicolae_stop_n_shop_1,
          shop, kennysheep_mini_moat, shop
D:5:      layout_rooms, lemuel_round_altar, lemuel_round_altar,
          minmay_starry_boxes
D:6:      minmay_general_purpose_star, layout_loops_ring, grunt_decor_junction,
          lemuel_old_faithful
D:7:      layout_loops_ring, temple_hall, serial_bayou_lake_a
D:8:      layout_gridville, serial_shops, nicolae_inconvenience_store,
          minmay_manual_mess, uniq_maurice, uniq_psyche
Temple:   hellmonk_temple_of_storms

Skill      XL: |  1  2  3  4  5  6  7  8  9 |
---------------+----------------------------+-----
Axes           | 4 5 6 |  6.0
Fighting       | 4 5 7 |  7.6
Armour         | 3 4 5 6 8 9 |  9.0
Maces & Flails | 2 4 5 6 |  6.4
Dodging        | 3 4 |  4.4
Throwing       | 1 2 3 |  3.1
Stealth        | 1 |  1.5
Shields        | 1 2 |  2.3

Action                   |  1- 3 |  4- 6 |  7- 9 || total
-------------------------+-------+-------+-------++-------
Melee: Hand axe          |   104 |    43 |       ||   147
       Headbutt          |     9 |    15 |    57 ||    81
       Club              |       |    60 |   275 ||   335
       Punch             |       |     1 |     3 ||     4
Throw: Dart              |       |     3 |    19 ||    22
       Stone             |       |     5 |     7 ||    12
Invok: Berserk           |     1 |     2 |     6 ||     9
       Trog's Hand       |       |     1 |     2 ||     3
 Stab: Sleeping          |     1 |       |       ||     1
Armor: Animal skin       |     4 |       |       ||     4
       Scale mail        |    27 |       |       ||    27
       Chain mail        |    25 |    56 |   109 ||   190
       Ring mail         |       |       |     5 ||     5
Dodge: Dodged            |    67 |    40 |   131 ||   238
Block: Other             |       |       |    36 ||    36
       Kite shield       |       |       |    14 ||    14

Table legend: (Time is in decaauts)
 A = Elapsed time spent in this place.
 B = Non-inter-level travel time spent in this place.
 C = Inter-level travel time spent in this place.
 D = Time resting spent in this place.
 E = Time spent auto-exploring this place.
 F = Levels seen in this place.
 G = Mean time per level.
                   A        B        C        D        E       F      G
               +--------+--------+--------+--------+--------+-----+--------+
         Total |   6960 |   6641 |    319 |    394 |   3571 |   9 |  773.3 |
       Dungeon |   6808 |   6489 |    319 |    394 |   3462 |   8 |  851.0 |
        Temple |    151 |    151 |      0 |      0 |    109 |   1 |  151.0 |
               +--------+--------+--------+--------+--------+-----+--------+

Top non-repeatable levels by time:
     D:4: 1415 daAuts
     D:6: 1047 daAuts
     D:7: 1000 daAuts
     D:1: 960 daAuts
     D:3: 890 daAuts
     D:5: 805 daAuts
     D:2: 670 daAuts
  Temple: 151 daAuts
     D:8: 17 daAuts
